 Dungeon Crawl Stone Soup version 0.31-a0-544-gceb718ecc6 (webtiles) character file.

Game seed: 11969176881152500422

13983 Ofeo the Skirmisher (level 12, -7/92 HPs)
             Began as a Djinni Warper on Aug 15, 2023.
             Was a High Priest of Fedhas.
             Killed by divine providence
             ... invoked by an orc priest
              (9 damage)
             ... on level 11 of the Dungeon.
             The game lasted 00:21:02 (14668 turns).

Ofeo the Skirmisher (Djinni Warper)                Turns: 14668, Time: 00:21:02

Health: -7/92      AC: 13    Str: 10    XL:     12   Next: 39%
Gold:   316        EV: 12    Int: 16    God:    Fedhas [*****.] SH:  0 Dex: 23

rFire   + + .        a - +4 orcbow (drain)
rCold   x . .        (shield currently unavailable)
rNeg    . . .        o - +3 leather armour
rPois   ∞            f - +2 helmet
rElec   .            E - scarf {harm}
rCorr   .            (no gloves)
SInv    .            (boots unavailable)
Will    +....        w - amulet of faith
Stlth   ++           m - +4 ring of protection
HPRegen 0.35/turn    u - +6 ring of dexterity
MPRegen 0.00/turn

%: harm (+30% outgoing, +20% incoming), faith, infuse magic (-8 HP)
@: swift, flying, quick
A: sickness immunity, fire resistance 2, cold vulnerability 1, float, innate
caster, HP casting, extra vitality 1
a: Renounce Religion, Wall of Briars, Grow Ballistomycete, Overgrow, Grow Oklob


You were on level 11 of the Dungeon.
You worshipped Fedhas.
Fedhas was extremely pleased with you.
You visited 2 branches of the dungeon, and saw 12 of its levels.

You collected 642 gold pieces.
You spent 326 gold pieces at shops.

Inventory:

Hand Weapons
 a - a +4 orcbow of draining (weapon)
 b - a +4 scimitar of flaming
Missiles
 d - 7 darts of dispersal
 g - a curare-tipped dart
 j - 19 poisoned darts
 n - 2 throwing nets
Armour
 e - +0 steam dragon scales
 f - a +2 helmet (worn)
 o - a +3 leather armour (worn)
 E - a scarf of harm (worn)
Jewellery
 m - a +4 ring of protection (left hand)
 u - a +6 ring of dexterity (right hand)
 w - an amulet of faith (around neck)
Wands
 t - a wand of roots (2)
 v - a wand of flame (24)
 H - a wand of paralysis (7)
Scrolls
 c - 5 scrolls of blinking {@r4}
 k - 2 scrolls of teleportation {@r3}
 y - a scroll of fog
 z - a scroll of noise
 A - a scroll of fear
 B - 2 scrolls of poison
 D - 3 scrolls of vulnerability
 I - a scroll of revelation
Potions
 h - 2 potions of heal wounds {@q2}
 i - a potion of enlightenment {unknown}
 l - a potion of lignification
 p - 4 potions of brilliance
 q - 4 potions of curing {@q1}
 r - 2 potions of resistance {@q6}
 s - 2 potions of haste {@q3}
 x - 2 potions of cancellation {unknown}
 C - 4 potions of mutation
 G - a potion of might {unknown}
Miscellaneous
 F - a lightning rod (4/4)


   Skills:
 - Level 10.4 Fighting
 - Level 1.7 Long Blades
 + Level 12.0 Ranged Weapons
 - Level 0.7 Throwing
 - Level 1.0 Armour
 - Level 2.1 Dodging
 - Level 2.8 Spellcasting
 - Level 2.8 Conjurations
 - Level 2.8 Hexes
 - Level 2.8 Summonings
 - Level 2.8 Necromancy
 - Level 2.8 Translocations
 - Level 2.8 Transmutations
 - Level 2.8 Fire Magic
 - Level 2.8 Ice Magic
 - Level 2.8 Air Magic
 - Level 2.8 Earth Magic
 - Level 2.8 Poison Magic
 - Level 8.0 Invocations


You knew the following spells:

 Your Spells              Type           Power      Damage    Failure   Level
a - Blink                 Tloc           22%        N/A       12%         2
b - Lesser Beckoning      Tloc           22%        N/A       12%         2
c - Vhi's Electric Charg  Tloc/Air       22%        N/A       24%         3
d - Teleport Other        Tloc           11%        N/A       24%         3
e - Manifold Assault      Tloc           11%        N/A       63%         4
f - Apportation           Tloc           22%        N/A       9%          1
g - Momentum Strike       Conj/Tloc      22%        3d8       12%         2
h - Scorch                Fire           22%        2d5       12%         2
i - Swiftness             Air            11%        N/A       24%         3
j - Cause Fear            Hex            5%         N/A       63%         4
Your spell library was empty.

Dungeon Overview and Level Annotations

Branches:
Dungeon (11/15)            Temple (1/1) D:7            Lair (0/5) D:11
    Orc: D:9-12

Altars:
Ashenzari
Cheibriados
Dithmenos
Elyvilon
Fedhas
Gozag
Hepliaklqana
Makhleb
Nemelex Xobeh
Okawaru
Qazlal
Ru
Trog
Uskayaw
Wu Jian
Xom
Yredelemnul
Zin
The Shining One

Shops:
D:1 (

Annotations:
D:8 3 runed translucent doors, lunkers's ghost, novice MeSh
D:10 1 runed translucent door, cforsyth's ghost, journeyman GnAr


Innate Abilities, Weirdness & Mutations

You are immune to sickness and miasma.
You are immune to poison.
Your flesh is very heat resistant. (rF++)
You are vulnerable to cold. (rC-)
You float through the air rather than walking.
You learn spells naturally, not from books.
Your magical power is your life essence.
You have superior vitality. (+4 MHP)


Message History

The orc priest mumbles some strange prayers to Beogh against you.
Beogh smites you!
You take 20 damage, and have 40/92 hp.
MASSIVE DAMAGE!!
You are too injured to fight recklessly!
You are too injured to fight recklessly!
The yak attacks as you move away! The yak gores you.
You take 1 damage, and have 39/92 hp.
The yak attacks as you move away! The yak gores you.
You take 5 damage, and have 34/92 hp.
The yak attacks as you move away! The yak misses you.
The yak attacks as you move away! The yak gores you but does no damage.
The orc priest looks encouraged for a moment.
The yak attacks as you move away! The yak closely misses you.
The orc priest invokes the aid of Beogh against you.
Beogh smites you!
* * * LOW HITPOINT WARNING * * *
You take 12 damage, and have 24/92 hp.
The yak attacks as you move away! The yak gores you.
* * * LOW HITPOINT WARNING * * *
The yak bellows!
You take 3 damage, and have 21/92 hp.
The yak attacks as you move away! The yak barely misses you.
The yak attacks as you move away! The yak gores you but does no damage.
The yak attacks as you move away! The yak gores you but does no damage.
The yak attacks as you move away! The yak gores you!
* * * LOW HITPOINT WARNING * * *
You take 8 damage, and have 14/92 hp.
Casting: Swiftness (dangerous; 24% risk of failure)
Confirm with . or Enter, or press ? or * to list all spells.
Okay, then.
Casting: Swiftness (dangerous; 24% risk of failure)
Confirm with . or Enter, or press ? or * to list all spells.
You feel quick.
* * * LOW HITPOINT WARNING * * *
The yak gores you!
* * * LOW HITPOINT WARNING * * *
The orc priest mumbles some strange prayers to Beogh against you.
Beogh smites you!
You die...
Fedhas appreciates your contribution to the ecosystem.

.....#Y#............
.....###........... ...
.....o............. ...
................# ....
.......###.o...## ..### .......#
#....## #..###
.###...###.....###...###
..##..........Y.#..............#
...#...........Y@..............#
...#...........Y...............#
...............................#
...............................#
...............................#
...............................#
...............................#
...#.....................(<...##
...#......#.............).(..##


You could see 3 yaks and an orc priest.

Vanquished Creatures
  Gastronok (D:9)
  Erica (D:10)
  2 two-headed ogres
  Nergalle (D:10)
  A kobold demonologist (D:10)
  A komodo dragon (D:10)
  A troll (D:10)
  A hornet (D:8)
  2 raiju (D:10)
  A shadow (D:11)
  A vampire (D:8)
  A wraith (D:11)
  A wyvern (D:10)
  18 yaks
  Eustachio (D:5)
  A steam dragon (D:9)
  2 wargs (D:11)
  5 vampire mosquitoes
  An acid dragon (D:9)
  A water moccasin (D:5)
  4 orc warriors
  2 ice beasts (D:6)
  2 black bears
  5 ogres
  7 centaurs
  A phantom (D:7)
  2 kobold brigands
  3 bullfrogs
  A gnoll sergeant (D:6)
  A scorpion (D:7)
  5 wights (D:10)
  18 killer bees
  4 electric eels (D:10)
  5 howler monkeys
  5 hounds
  6 jellies
  8 orc priests
  2 iguanas
  11 orc wizards
  Robin (D:3)
  8 gnolls
  12 adders
  A shadow imp (D:7)
  3 white imps
  3 worms
  2 dart slugs
  29 orcs
  9 ball pythons
  3 bats
  12 endoplasms
  A giant cockroach (D:2)
  9 hobgoblins
  16 kobolds
  6 quokkas
  2 frilled lizards (D:1)
  9 goblins
  6 rats
268 creatures vanquished.

Notes
Turn   | Place    | Note
-------+----------+-------------------------------------------
     0 | D:1      | Ofeo the Djinni Warper began the quest for the Orb.
     0 | D:1      | Ofeo set off with the following spells memorised: Blink,
                  | Lesser Beckoning, Vhi's Electric Charge, Teleport Other,
                  | Manifold Assault.
     0 | D:1      | Reached XP level 1. HP: 18/18 MP: 0/0
   158 | D:1      | Found Jenomeoff's Weapon Shoppe.
   231 | D:1      | Reached XP level 2. HP: 24/24 MP: 0/0
   832 | D:2      | Reached XP level 3. HP: 23/30 MP: 0/0
   832 | D:2      | Learned a level 1 spell: Apportation
   863 | D:2      | Reached XP level 4. HP: 37/37 MP: 0/0
  1410 | D:2      | Reached XP level 5. HP: 42/42 MP: 0/0
  1410 | D:2      | Learned a level 2 spell: Momentum Strike
  1507 | D:2      | Found a faded altar of an unknown god.
  1521 | D:2      | Reached skill level 5 in Fighting
  1738 | D:3      | Noticed Robin
  1804 | D:3      | Killed Robin
  2991 | D:3      | Reached XP level 6. HP: 19/50 MP: 0/0
  4018 | D:4      | Found a glowing silver altar of Zin.
  4037 | D:4      | Found an iron altar of Okawaru.
  4042 | D:4      | Found a white marble altar of Elyvilon.
  4045 | D:4      | Found a basalt altar of Yredelemnul.
  4398 | D:5      | Entered Level 5 of the Dungeon
  4666 | D:5      | Noticed an ogre
  4678 | D:5      | Killed an ogre
  4679 | D:5      | Reached XP level 7. HP: 33/58 MP: 0/0
  4679 | D:5      | Learned a level 2 spell: Scorch
  4881 | D:5      | Noticed Eustachio
  4915 | D:5      | Killed Eustachio
  5411 | D:5      | Reached XP level 8. HP: 58/66 MP: 0/0
  6096 | D:6      | Reached skill level 10 in Fighting
  6663 | D:1      | Bought a +3 orcbow of draining for 326 gold pieces
  6931 | D:6      | Reached skill level 1 in Ranged Weapons
  6931 | D:6      | Reached XP level 9. HP: 59/75 MP: 0/0
  6931 | D:6      | Learned a level 3 spell: Swiftness
  6999 | D:6      | Reached skill level 2 in Ranged Weapons
  7199 | D:6      | Reached skill level 3 in Ranged Weapons
  7381 | D:7      | Reached skill level 4 in Ranged Weapons
  7459 | D:7      | Found a staircase to the Ecumenical Temple.
  7496 | Temple   | Entered the Ecumenical Temple
  7548 | Temple   | Became a worshipper of Fedhas Madash
  7715 | D:7      | Found a stormy altar of Qazlal.
  7840 | D:7      | Noticed a +0 short sword
  7840 | D:7      | Noticed a +0 falchion
  7841 | D:7      | Noticed a +0 short sword
  7841 | D:7      | Noticed a +0 dagger
  7842 | D:7      | Noticed a +0 spear
  7842 | D:7      | Noticed a +0 spear
  7842 | D:7      | Noticed a +0 dagger
  7843 | D:7      | Noticed a +0 falchion
  7871 | D:7      | Found a hide-covered altar of Uskayaw.
  8049 | D:7      | Reached skill level 1 in Invocations
  8137 | D:7      | Found a hazy altar of Hepliaklqana.
  8545 | D:7      | Reached skill level 5 in Ranged Weapons
  8714 | D:8      | Found a burning altar of Makhleb.
  8715 | D:8      | Noticed a hornet
  8729 | D:8      | Killed a hornet
  8731 | D:8      | Reached * piety under Fedhas
  8959 | D:8      | Reached XP level 10. HP: 76/81 MP: 0/0
  9141 | D:8      | Found a runed translucent gate.
  9142 | D:8      | Found a runed translucent gate.
  9143 | D:8      | Found a runed translucent gate.
  9146 | D:8      | Noticed lunkers's ghost (novice MeSh)
  9239 | D:8      | Reached skill level 6 in Ranged Weapons
  9243 | D:8      | Reached skill level 5 in Invocations
 10035 | D:9      | Reached ** piety under Fedhas
 10319 | D:9      | Noticed a two-headed ogre
 10322 | D:9      | Killed a two-headed ogre
 10323 | D:9      | Reached skill level 7 in Ranged Weapons
 10494 | D:9      | Noticed Gastronok
 10750 | D:9      | Reached XP level 11. HP: 21/86 MP: 0/0
 10750 | D:9      | Learned a level 4 spell: Cause Fear
 11247 | D:9      | Killed Gastronok
 11248 | D:9      | Reached skill level 8 in Ranged Weapons
 11264 | D:9      | Reached *** piety under Fedhas
 11635 | D:10     | Entered Level 10 of the Dungeon
 11653 | D:10     | Reached skill level 9 in Ranged Weapons
 11684 | D:10     | Found a runed translucent door.
 11687 | D:10     | Noticed cforsyth's ghost (journeyman GnAr)
 11731 | D:10     | Noticed Erica
 11743 | D:10     | Killed Erica
 12038 | D:10     | Reached **** piety under Fedhas
 12151 | D:10     | Reached skill level 10 in Ranged Weapons
 12400 | D:10     | Noticed Nergalle
 12569 | D:10     | Found a shadowy altar of Dithmenos.
 12578 | D:10     | Found a bloodstained altar of Trog.
 13194 | D:10     | Noticed a spectral orc warlord
 13194 | D:10     | Killed Nergalle
 13195 | D:10     | Reached XP level 12. HP: 48/92 MP: 0/0
 13869 | D:11     | Reached skill level 11 in Ranged Weapons
 14411 | D:11     | Found a staircase to the Lair.
 14528 | D:11     | Noticed a two-headed ogre
 14531 | D:11     | Killed a two-headed ogre
 14643 | D:11     | Reached ***** piety under Fedhas
 14646 | D:11     | Reached skill level 12 in Ranged Weapons
 14648 | D:11     | Noticed a two-headed ogre
 14668 | D:11     | HP: 2/92 [yak (10)]
 14668 | D:11     | Killed from afar by an orc priest

Illustrated notes

Levels and vault maps discovered:
D:1:      dpeg_arrival_connections, layout_basic, serial_shops,
          nicolae_shop_real_fake_doors, serial_park_tiny_2
D:2:      layout_basic, chequers_ecumenical_altar_island
D:3:      layout_basic, mainiacjoe_overflow_paths, uniq_robin
D:4:      layout_basic, grunt_temple_overflow_cloverleaf,
          minmay_tree_intersection, minmay_misc_feat_pillars
D:5:      layout_loops_ring, hangedman_abyss_or_decor_passed, uniq_eustachio
D:6:      layout_basic, hex_intersection, hex_medium, minmay_misc_feat_iff
D:7:      layout_loops_ring, nicolae_uskayaw_en_pointe,
          mainiacjoe_overflow_24_doors, gammafunk_temple_overflow_elements,
          minmay_temple_entry_junction
D:8:      layout_cave_pools, makhleb_blood_cavern_becter, serial_rivers,
          chequers_serial_rivers_marsh, chequers_serial_rivers_large_b,
          chequers_serial_rivers_micro_c, chequers_serial_rivers_small_3,
          chequers_serial_rivers_room_a, gammafunk_ghost_spectres,
          nzn_life_drinkers
D:9:      layout_gridville, uniq_gastronok
D:10:     layout_basic, mainiacjoe_overflow_big_doors, hellmonk_ghost_big_iron,
          nicolae_have_a_lightning_rod, uniq_erica, uniq_nergalle
D:11:     layout_big_octagon, erik_lair_orcish_takeover,
          nicolae_fountain_basement
Temple:   nicolae_temple_bog_church

Skill      XL: |  1  2  3  4  5  6  7  8  9 10 11 12 |
---------------+-------------------------------------+-----
Fighting       | 3 4 6 7 8 10 | 10.4
Ranged Weapons | 1 5 7 10 12 | 12.0
Invocations    | 3 7 8 |  8.0
Long Blades    | |  1.7
Throwing       | |  0.7
Armour         | |  1.0
Dodging        | |  2.1
Spellcasting   | |  2.8
Conjurations   | |  2.8
Hexes          | |  2.8
Summonings     | |  2.8
Necromancy     | |  2.8
Translocations | |  2.8
Transmutations | |  2.8
Fire Magic     | |  2.8
Ice Magic      | |  2.8
Air Magic      | |  2.8
Earth Magic    | |  2.8
Poison Magic   | |  2.8

Action                     |  1- 3 |  4- 6 |  7- 9 | 10-12 || total
---------------------------+-------+-------+-------+-------++-------
  Melee: Falchion          |     7 |       |       |       ||     7
         Dagger            |    47 |   242 |    25 |       ||   314
         Punch             |       |     5 |     5 |       ||    10
         Rapier            |       |       |   102 |       ||   102
         Orcbow            |       |       |       |     2 ||     2
   Fire: Orcbow            |       |       |   144 |   420 ||   564
  Throw: Dart              |       |     3 |       |       ||     3
   Cast: Momentum Strike   |       |       |     1 |       ||     1
         Blink             |       |       |       |     1 ||     1
         Swiftness         |       |       |       |     1 ||     1
  Evoke: Wand              |       |       |     2 |     5 ||     7
         Lightning rod     |       |       |       |     2 ||     2
    Use: Scroll            |     2 |     5 |    10 |     9 ||    26
         Potion            |     1 |       |       |     2 ||     3
   Stab: Sleeping          |       |       |     1 |       ||     1
         Distracted        |       |       |     1 |       ||     1
 Armour: Leather armour    |     6 |    32 |   135 |   152 ||   325
         Ring mail         |     7 |    60 |       |       ||    67
         Skin              |    10 |       |       |       ||    10
  Dodge: Dodged            |    18 |   134 |   186 |   227 ||   565

Table legend: (Time is in decaauts)
 A = Elapsed time spent in this place.
 B = Non-inter-level travel time spent in this place.
 C = Inter-level travel time spent in this place.
 D = Time resting spent in this place.
 E = Time spent auto-exploring this place.
 F = Levels seen in this place.
 G = Mean time per level.
                   A        B        C        D        E       F      G
               +--------+--------+--------+--------+--------+-----+--------+
         Total |  14781 |  14030 |    751 |   1956 |   9433 |  12 | 1231.8 |
       Dungeon |  14717 |  13986 |    731 |   1956 |   9433 |  11 | 1337.9 |
        Temple |     64 |     44 |     20 |      0 |      0 |   1 |   64.0 |
               +--------+--------+--------+--------+--------+-----+--------+

Top non-repeatable levels by time:
    D:10: 2484 daAuts
     D:9: 1878 daAuts
     D:3: 1464 daAuts
     D:5: 1443 daAuts
     D:8: 1386 daAuts
     D:6: 1355 daAuts
     D:4: 1262 daAuts
     D:7: 1173 daAuts
     D:2: 950 daAuts
     D:1: 905 daAuts
    D:11: 411 daAuts
  Temple: 64 daAuts
